 Dungeon Sprint DCSS version 0.21-a0-49-g7bf2ba4 (webtiles) character file.

42660 Kidiri the Brawler (level 13, -5/144 HPs)
             Began as a Troll Monk on June 10, 2017.
             Was a Priest of Wu Jian.
             Slain by an Ice Fiend (10 damage)
             ... summoned by a deep elf demonologist
             ... in the Dungeon (Sprint III: "The Ten Rune Challenge").
             The game lasted 00:38:11 (4356 turns).

Kidiri the Brawler (Troll Monk)                     Turns: 4356, Time: 00:38:12

Health: -5/144     AC: 15    Str: 22    XL:     13   Next: 16%
Magic:  0/15       EV: 22    Int:  8    God:    Wu Jian [***...]
Gold:   1850       SH:  2    Dex: 20    Spells: 12/12 levels left

rFire    + . .     SeeInvis .     - Unarmed
rCold    + + .     Gourm    +   (no shield)
rNeg     + . .     Faith    .   k - +2 robe {rC+}
rPois    .         Spirit   +   A - +2 hat of the Bear Spirit {Spirit, +Rage rN+ MR++}
rElec    .         Reflect  +   a - scarf {rC+ rF+}
rCorr    .         Harm     .   (gloves unavailable)
MR       ++...     NoTele   +   (boots unavailable)
Stlth    +++++.....             l - +2 amulet of reflection
Regen    0.8/turn               h - +6 ring of protection
MPRegen  0.2/turn               D - +4 ring of dexterity

@: no status effects
A: unfitting armour, claws 3, repulsion field 1, clever 1, fast metabolism 3,
gourmand, low mp 1, regeneration 1, shaggy fur 1, tough skin 2, evolution 1
}: 1/10 runes: barnacled
a: Renounce Religion, Evoke Berserk Rage


You were in the Dungeon.
You worshipped Wu Jian.
Wu Jian was most pleased with you.
You were not hungry.

You visited 1 branch You collected 5216 gold pieces.
You spent 3366 gold pieces at shops.

Inventory:

Hand Weapons
 z - a +0 longbow
Missiles
 v - 10 throwing nets (quivered)
Armour
 a - a scarf of resistance (worn)
 k - a +2 robe of cold resistance (worn)
 A - the +2 hat of the Bear Spirit (worn) {Spirit, +Rage rN+ MR++}
   (You bought it in a shop in the Dungeon)

   It protects you from negative energy.
   It affects your resistance to hostile enchantments.
   It lets you go berserk.
 F - a +2 hat of intelligence
Jewellery
 h - a +6 ring of protection (left claw)
 l - a +2 amulet of reflection (around neck)
 D - a +4 ring of dexterity (right claw)
Wands
 u - a wand of paralysis (15/24)
Scrolls
 j - a scroll of immolation
 m - 3 scrolls of remove curse
 p - a scroll of holy word
 q - a scroll of recharging
 C - a scroll of fog
Potions
 c - 4 potions of curing
 e - 4 potions of haste
 f - 3 potions of magic
 g - a potion of berserk rage
 i - a potion of brilliance
 o - 3 potions of flight
 s - 2 potions of mutation
 x - a potion of invisibility
 G - a potion of ambrosia {unknown}
Miscellaneous
 t - a fan of gales
Comestibles
 b - 2 bread rations
 n - 26 royal jellies
 r - a meat ration


   Skills:
 * Level 13.3 Fighting
 + Level 4.0 Bows
 + Level 7.8 Throwing
 + Level 9.4 Armour
 * Level 13.3 Dodging
 * Level 10.4 Stealth
 * Level 15.3 Unarmed Combat
 + Level 7.2 Evocations


You had 12 spell levels left.
You didn't know any spells.

Dungeon Overview and Level Annotations

Branches:
Dungeon (1/1)

Altars:
Cheibriados
Dithmenos
Elyvilon
Fedhas
Gozag
Hepliaklqana
Kikubaaqudgha
Makhleb
Nemelex Xobeh
Okawaru
Qazlal
Ru
Sif Muna
Trog
Uskayaw
Vehumet
Wu Jian
Xom
Yredelemnul
Zin
The Shining One
Beogh
Jiyva
Lugonu

Shops:
D (!=[(%!=:[*(:?}!

Annotations:
D exclusions: 4 doors and 2 more exclusions


Innate Abilities, Weirdness & Mutations

You are too large for most types of armour.
You have claws for hands.
Your metabolism is lightning-fast.
You like to eat raw meat.
Your natural rate of healing is unusually fast.
You are covered in fur. (AC +1)
You have very tough skin. (AC +2)
You are surrounded by a mild repulsion field. (EV +2)
Your mind is acute. (Int +2)
Your magical capacity is low. (-10% MP)
You evolve.


Message History

You spin and attack the Ice Fiend repeatedly.
You barely miss the Ice Fiend.
The Ice Fiend is almost dead.
You barely miss the Ice Fiend.
The Ice Fiend is almost dead.
The cacodemon closely misses you. x2
The Ice Fiend calls on the powers of darkness!
You feel a surge of unholy energy.
You spin and attack the cacodemon repeatedly.
You completely miss the cacodemon.
The cacodemon is almost dead.
You scratch the cacodemon.
The cacodemon is almost dead.
You spin and attack the Ice Fiend.
You barely miss the Ice Fiend.
The Ice Fiend is almost dead.
The cacodemon gestures at you.
Strange energies course through your body.
You feel frail. The Ice Fiend claws you!
You die...

**▓▓▓▓▓▓▓▓
##,#.#..#.#########***###********
_###....∩...'.#...#*,e24',,,,,,**
_#.........##)#...##≈≈≈≈#*,,**,**
##.)).....###)#...≈≈1eee(,,,,*,**
)#)).......##)#.21##≈≈≈≈#*,,**,**
.#[))#.##.###)'.@.#*,4..',,,,,,**
'#)###...#.########***###********
.#'###########################***
.#....#.#.#)....#......+...≈≈#,**
.##.#..#.##.###.#......#...≈≈###*
.'##.#.#.##.#))##......#...≈≈≈≈#*
.#.).#..#..##..'.......#...≈≈≈≈#*
▓▓▓▓▓▓▓▓▓▓▓▓▓▓▓#.......#.......#*
≈........≈≈≈...#.......#.......#*


You could see an Ice Fiend, a cacodemon, a reaper, a deep elf demonologist and
an orange demon.

Vanquished Creatures
  Rupert (D)
  A kraken (D)
  Harold (D)
  Gastronok (D)
  A deep elf demonologist (D)
  2 dire elephants (D)
  Erolcha (D)
  2 alligator snapping turtles (D)
  4 death yaks (D)
  Urug (D)
  A deep elf knight (D)
  5 deep elf magi (D)
  A lindwurm (D)
  An orange crystal statue (D)
  An orc knight (D)
  Joseph (D)
  An orc sorcerer (D)
  2 elephants (D)
  2 black mambas (D)
  2 spiny frogs (D)
  A rime drake (D)
  A komodo dragon (D)
  3 wandering mushrooms (D)
  A queen bee (D)
  2 tyrant leeches (D)
  4 orc high priests (D)
  8 blink frogs (D)
  4 snapping turtles (D)
  A shadow (D)
  5 redbacks (D)
  A spatial vortex (D)
  A swamp drake (D)
  An orc warrior (D)
  A necrophage (D)
  5 two-headed ogres (D)
  A water elemental (D)
  A scorpion (D)
  32 killer bees (D)
  A jelly (D)
  An orc priest (D)
  An orc wizard (D)
  A wizard (D)
  Jessica (D)
  A necromancer (D)
  3 humans (D)
  A kobold demonologist (D)
  13 orcs (D)
  2 rats (D)
  2 plants (D)
  5 tentacles (D)
137 creatures vanquished.

Vanquished Creatures (others)
  2 draconian scorchers (D)
  6 hellions (D)
  3 yaktaurs (D)
  A fungus (D)
  2 plants (D)
  12 tentacles (D)
26 creatures vanquished.

Grand Total: 163 creatures vanquished

Notes
Turn   | Place    | Note
-------+----------+-------------------------------------------
     0 | D        | Kidiri the Troll Monk began the quest for the Orb.
     0 | D        | Reached XP level 1. HP: 22/22 MP: 0/0
    23 | D        | Killed a yaktaur
    28 | D        | Noticed Jessica
    30 | D        | Killed Jessica
    30 | D        | Reached skill level 1 in Armour
    30 | D        | Reached skill level 4 in Unarmed Combat
    30 | D        | Reached XP level 2. HP: 31/31 MP: 1/1
    53 | D        | Killed a yaktaur
    59 | D        | Noticed a scorpion
    77 | D        | Reached XP level 3. HP: 28/37 MP: 2/2
    94 | D        | Killed a hellion
    94 | D        | Killed a hellion
    94 | D        | Killed a hellion
   101 | D        | Killed a scorpion
   101 | D        | Reached skill level 5 in Unarmed Combat
   101 | D        | Reached XP level 4. HP: 45/48 MP: 3/3
   126 | D        | Killed a hellion
   128 | D        | Gained mutation: Your body sometimes deteriorates upon taking damage. [potion of mutation]
   128 | D        | Gained mutation: You are surrounded by a mild repulsion field. (EV +2) [potion of mutation]
   128 | D        | Gained mutation: You possess an exceptional clarity of mind. [potion of mutation]
   129 | D        | Lost mutation: You possess an exceptional clarity of mind. [potion of mutation]
   129 | D        | Lost mutation: Your body sometimes deteriorates upon taking damage. [potion of mutation]
   129 | D        | Gained mutation: You are robust. (+10% HP) [potion of mutation]
   129 | D        | Gained mutation: Your magical capacity is low. (-10% MP) [potion of mutation]
   129 | D        | Gained mutation: You evolve. [potion of mutation]
   138 | D        | Noticed a water elemental
   146 | D        | Killed a water elemental
   146 | D        | Reached XP level 5. HP: 36/60 MP: 3/3
   185 | D        | Found an ornate altar of the Wu Jian Council.
   185 | D        | Found an iron altar of Okawaru.
   186 | D        | Found a roughly hewn altar of Beogh.
   186 | D        | Found a bloodstained altar of Trog.
   186 | D        | Found a hide-covered altar of Uskayaw.
   186 | D        | Noticed a human
   186 | D        | Noticed a human
   188 | D        | Became a worshipper of the Wu Jian Council
   188 | D        | Reached * piety under Wu Jian
   188 | D        | Reached ** piety under Wu Jian
   200 | D        | Killed a human
   200 | D        | Reached skill level 5 in Fighting
   200 | D        | Reached skill level 5 in Dodging
   200 | D        | Reached skill level 6 in Unarmed Combat
   200 | D        | Reached XP level 6. HP: 37/72 MP: 4/4
   203 | D        | Killed a human
   203 | D        | Reached skill level 7 in Unarmed Combat
   209 | D        | Killed a hellion
   210 | D        | Killed a hellion
   252 | D        | Killed a white draconian scorcher
   287 | D        | Found a radiant altar of Vehumet.
   288 | D        | Found a deep blue altar of Sif Muna.
   288 | D        | Found an ancient bone altar of Kikubaaqudgha.
   319 | D        | Found a glowing silver altar of Zin.
   320 | D        | Found a glowing golden altar of the Shining One.
   320 | D        | Found a white marble altar of Elyvilon.
   320 | D        | Noticed a deep elf mage
   325 | D        | Killed a deep elf mage
   325 | D        | Reached *** piety under Wu Jian
   325 | D        | Reached skill level 5 in Stealth
   325 | D        | Reached skill level 8 in Unarmed Combat
   325 | D        | Reached XP level 7. HP: 85/85 MP: 5/5
   342 | D        | Found a shadowy altar of Dithmenos.
   343 | D        | Found a basalt altar of Yredelemnul.
   343 | D        | Found a sacrificial altar of Ru.
   345 | D        | Reached XP level 8. HP: 95/95 MP: 6/6
   366 | D        | Reached skill level 9 in Unarmed Combat
   367 | D        | Killed a white draconian scorcher
   368 | D        | Reached **** piety under Wu Jian
   374 | D        | Found a blossoming altar of Fedhas.
   374 | D        | Found a stormy altar of Qazlal.
   374 | D        | Found a snail-covered altar of Cheibriados.
   374 | D        | Found a burning altar of Makhleb.
   374 | D        | Found a shimmering altar of Xom.
   375 | D        | Found a hazy altar of Hepliaklqana.
   375 | D        | Found an opulent altar of Gozag.
   375 | D        | Found a sparkling altar of Nemelex Xobeh.
   375 | D        | Found a corrupted altar of Lugonu.
   375 | D        | Found a viscous altar of Jiyva.
   439 | D        | Reached skill level 5 in Armour
   495 | D        | Noticed a two-headed ogre
   499 | D        | Killed a two-headed ogre
   499 | D        | Reached skill level 1 in Evocations
   520 | D        | Noticed a two-headed ogre
   520 | D        | Noticed Erolcha
   526 | D        | Killed Erolcha
   526 | D        | Reached skill level 10 in Unarmed Combat
   526 | D        | Reached XP level 9. HP: 48/107 MP: 8/8
   527 | D        | Killed a two-headed ogre
   646 | D        | Reached ***** piety under Wu Jian
   749 | D        | Noticed a wandering mushroom
   753 | D        | Noticed a wandering mushroom
   755 | D        | Noticed a wandering mushroom
   756 | D        | Killed a wandering mushroom
   761 | D        | Killed a wandering mushroom
   761 | D        | Reached skill level 1 in Throwing
   761 | D        | Reached skill level 11 in Unarmed Combat
   764 | D        | Killed a wandering mushroom
   770 | D        | Noticed a spiny frog
   770 | D        | Noticed a komodo dragon
   770 | D        | Noticed a spiny frog
   774 | D        | Killed a spiny frog
   774 | D        | Reached XP level 10. HP: 101/119 MP: 10/10
   777 | D        | Killed a spiny frog
   864 | D        | Reached skill level 10 in Fighting
   874 | D        | Reached skill level 10 in Dodging
   955 | D        | Noticed a lindwurm
   962 | D        | Killed a lindwurm
  1137 | D        | Noticed Urug
  1138 | D        | Killed Urug
  1138 | D        | Reached skill level 12 in Unarmed Combat
  1203 | D        | Reached ****** piety under Wu Jian
  1229 | D        | Reached XP level 11. HP: 70/130 MP: 11/11
  1645 | D        | Noticed an orc knight
  1648 | D        | Found Jigryil's Antique Armour Emporium.
  1648 | D        | Noticed an orc sorcerer
  1655 | D        | Killed an orc sorcerer
  1655 | D        | Killed an orc knight
  1655 | D        | Reached skill level 13 in Unarmed Combat
  1655 | D        | Reached skill level 5 in Evocations
  1713 | D        | Bought a glowing scarf for 216 gold pieces
  1763 | D        | Noticed a deep elf mage
  1763 | D        | Noticed a deep elf mage
  1763 | D        | Noticed a deep elf mage
  1763 | D        | Noticed a deep elf mage
  1763 | D        | Noticed a deep elf knight
  1768 | D        | Killed a deep elf mage
  1770 | D        | Killed a deep elf mage
  1770 | D        | Reached skill level 5 in Throwing
  1771 | D        | Killed a deep elf mage
  1778 | D        | Killed a deep elf mage
  1783 | D        | Killed a deep elf knight
  1810 | D        | Noticed a deep elf demonologist
  1811 | D        | Noticed a deep elf annihilator
  1814 | D        | Noticed a deep elf high priest
  1815 | D        | Noticed a soul eater
  1815 | D        | Noticed a deep elf demonologist
  1816 | D        | Noticed a deep elf death mage
  1816 | D        | Noticed a deep elf demonologist
  1817 | D        | Noticed a sun demon
  2033 | D        | Noticed Rupert
  2045 | D        | Killed Rupert
  2045 | D        | Reached skill level 1 in Bows
  2174 | D        | Noticed a death yak
  2175 | D        | Noticed a death yak
  2178 | D        | Noticed a death yak
  2179 | D        | Noticed a death yak
  2181 | D        | Killed a death yak
  2182 | D        | Killed a death yak
  2182 | D        | Reached XP level 12. HP: 114/145 MP: 13/13
  2188 | D        | Killed a death yak
  2188 | D        | Reached skill level 14 in Unarmed Combat
  2195 | D        | Killed a death yak
  2198 | D        | Noticed an azure jelly
  2198 | D        | Noticed an azure jelly
  2263 | D        | Noticed a kraken
  2479 | D        | Noticed Harold
  2479 | D        | Noticed Joseph
  2485 | D        | Killed Harold
  2486 | D        | Killed Joseph
  2857 | D        | Found Ciliej's Antique Armour Emporium.
  2857 | D        | Found Surygg's Antique Weapon Shop.
  2857 | D        | Found Vext's Jewellery Boutique.
  2857 | D        | Found Saigungasm's Distillery.
  2857 | D        | Found Juacso Pab's Book Boutique.
  2857 | D        | Found Puguet's General Store.
  2857 | D        | Found Riqun's Distillery.
  2857 | D        | Found Itues's Gadget Shop.
  2857 | D        | Found Kafat's Food Shop.
  2857 | D        | Found Cusigoal's Magic Scroll Emporium.
  2857 | D        | Found Xill's Antique Weapon Emporium.
  2857 | D        | Found Jexzol's Book Boutique.
  2874 | D        | Bought a potion of haste for 100 gold pieces
  2874 | D        | Bought a potion of invisibility for 80 gold pieces
  2874 | D        | Bought a potion of curing for 30 gold pieces
  2874 | D        | Bought a potion of haste for 100 gold pieces
  2874 | D        | Bought a potion of haste for 100 gold pieces
  2874 | D        | Bought a potion of heal wounds for 50 gold pieces
  2876 | D        | Bought the +2 hat of the Bear Spirit {Spirit, +Rage rN+ MR++} for 1173 gold pieces
  2883 | D        | Bought a potion of curing for 39 gold pieces
  2883 | D        | Bought a potion of heal wounds for 65 gold pieces
  2883 | D        | Bought a scroll of fear for 45 gold pieces
  2887 | D        | Bought a scroll of fog for 24 gold pieces
  2887 | D        | Bought a scroll of identify for 24 gold pieces
  2887 | D        | Bought a scroll of identify for 24 gold pieces
  2890 | D        | Bought a scroll of identify for 24 gold pieces
  2890 | D        | Bought a scroll of identify for 24 gold pieces
  2892 | D        | Bought a scroll of magic mapping for 42 gold pieces
  2919 | D        | Bought a +6 ring of protection for 780 gold pieces
  2919 | D        | Bought a +2 amulet of reflection for 75 gold pieces
  2922 | D        | Bought a +4 ring of dexterity for 351 gold pieces
  3074 | D        | Killed a kraken
  3074 | D        | Reached skill level 10 in Stealth
  3077 | D        | Noticed an alligator snapping turtle
  3078 | D        | Noticed an alligator snapping turtle
  3204 | D        | Killed an alligator snapping turtle
  3265 | D        | Killed an alligator snapping turtle
  3366 | D        | Found Jong's Antique Weapon Shoppe.
  3366 | D        | Found Xifoew's Distillery.
  3366 | D        | Found Nill's Jewellery Shop.
  3377 | D        | Got a barnacled rune of Zot
  3422 | D        | Noticed an azure jelly
  3422 | D        | Noticed an azure jelly
  3423 | D        | Noticed a dire elephant
  3423 | D        | Noticed a dire elephant
  3423 | D        | Noticed Gastronok
  3436 | D        | Killed a dire elephant
  3436 | D        | Reached skill level 15 in Unarmed Combat
  3453 | D        | Killed a dire elephant
  3453 | D        | Reached XP level 13. HP: 56/158 MP: 5/15
  3458 | D        | Killed Gastronok
  3679 | D        | Noticed a balrug
  3716 | D        | Gained mutation: Your mind is acute. (Int +2) [evolution]
  3751 | D        | Noticed a deep elf blademaster
  3777 | D        | Noticed a reaper
  3778 | D        | Noticed a cacodemon
  3964 | D        | Killed a deep elf demonologist
  4043 | D        | Noticed a Brimstone Fiend
  4059 | D        | HP: 7/158 [Brimstone Fiend/damnation[a deep elf demonologist] (28)]
  4280 | D        | Noticed a reaper
  4312 | D        | Noticed a cacodemon
  4325 | D        | Noticed a reaper
  4342 | D        | Noticed an Ice Fiend
  4347 | D        | Noticed a cacodemon
  4354 | D        | HP: 4/158 [Ice Fiend[a deep elf demonologist] (8)]
  4356 | D        | Lost mutation: You are robust. (+10% HP) [a cacodemon]
  4356 | D        | Slain by an Ice Fiend

Vault maps used:
D:        dungeon_sprint_mu

Skill      XL: |  1  2  3  4  5  6  7  8  9 10 11 12 13 |
---------------+----------------------------------------+-----
Fighting       | 3 4 5 7 9 10 12 13 | 13.3
Armour         | 1 2 3 4 5 6 7 8 9 |  9.4
Dodging        | 3 4 5 7 8 9 10 12 13 | 13.3
Stealth        | 2 3 5 6 7 8 9 10 | 10.4
Unarmed Combat | 4 5 6 8 10 11 12 13 15 | 15.3
Evocations     | 2 3 4 5 6 7 |  7.2
Throwing       | 1 4 6 7 |  7.8
Bows           | 1 3 4 |  4.0

Action                   |  1- 3 |  4- 6 |  7- 9 | 10-12 | 13-15 || total
-------------------------+-------+-------+-------+-------+-------++-------
Melee: Unarmed           |    22 |    37 |    65 |   366 |   110 ||   600
       Punch             |       |       |     5 |    31 |     9 ||    45
 Fire: Longbow           |       |       |       |       |    32 ||    32
Throw: Javelin           |       |       |       |     5 |     6 ||    11
Invok: Serpent's Lash    |       |       |     3 |    14 |     1 ||    18
       Heavenly Storm    |       |       |     1 |     9 |     1 ||    11
  Use: Potion            |       |     2 |       |     2 |     4 ||     8
       Scroll            |       |       |       |     7 |     1 ||     8
 Stab: Sleeping          |     1 |     2 |     8 |     5 |       ||    16
       Distracted        |       |       |     1 |     2 |       ||     3
  Eat: Chunk             |     6 |     2 |     4 |    25 |     4 ||    41
Armor: Robe              |     6 |     6 |     2 |    25 |    16 ||    55
Dodge: Dodged            |     6 |    18 |    32 |   169 |    65 ||   290
Block: Other             |       |       |       |     1 |     1 ||     2
